 Dungeon Crawl Stone Soup version 0.23.2-33-g5129a83184 (webtiles) character file.

Game seed: 2930991799414450913

304 FishyPogo the Stinger (level 6, -2/28 HPs)
             Began as a Tengu Venom Mage on July 30, 2019.
             Was an Initiate of Hepliaklqana.
             Slain by a gnoll (8 damage)
             ... on level 3 of the Dungeon.
             The game lasted 00:16:32 (2370 turns).

FishyPogo the Stinger (Tengu Venom Mage)            Turns: 2370, Time: 00:16:32

Health: -2/28      AC:  2    Str:  7 (9)  XL:     6   Next: 38%
Magic:  9/12       EV: 13    Int: 17      God:    Hepliaklqana [......]
Gold:   94         SH:  0    Dex: 14      Spells: 6/12 levels left

rFire    . . .     SeeInvis .   (no weapon)
rCold    . . .     Gourm    .   (no shield)
rNeg     . . .     Faith    .   a - +0 robe
rPois    .         Spirit   .   (helmet restricted)
rElec    .         Reflect  .   (no cloak)
rCorr    .         Harm     .   (no gloves)
MR       .....                  (boots unavailable)
Stlth    ++........             (no amulet)
HPRegen  0.09/turn              (no ring)
MPRegen  0.13/turn              (no ring)

@: no status effects
A: reduced essence, beak, talons 3, able to fly
a: Fly, Recall Ancestor, Ancestor Identity, Renounce Religion


You were on level 3 of the Dungeon.
You worshipped Hepliaklqana.
Hepliaklqana was noncommittal.
You were not hungry.

You visited 1 branch of the dungeon, and saw 4 of its levels.

You collected 94 gold pieces.

Inventory:

Hand Weapons
 i - a +1 mace of holy wrath
Armour
 a - a +0 robe (worn)
Scrolls
 b - a scroll of remove curse {unknown}
Potions
 d - a potion of haste {unknown}
 e - a potion of degeneration {unknown}
 f - 2 potions of curing {unknown}
 g - a potion of berserk rage {unknown}
 h - a potion of heal wounds {unknown}
Comestibles
 c - 3 rations
 j - 8 chunks of flesh


   Skills:
 + Level 0.1 Fighting
 + Level 3.1 Dodging
 + Level 2.8 Stealth
 + Level 0.2 Unarmed Combat
 + Level 3.9 Spellcasting
 + Level 3.2 Conjurations
 + Level 4.4 Poison Magic


You had 6 spell levels left.
You knew the following spells:

 Your Spells              Type           Power        Failure   Level  Hunger
a - Sting                 Conj/Pois      ###.         3%          1    None
b - Venom Bolt            Conj/Pois      ###.......   67%         5    ######.

Your spell library contained the following spells:

 Spells                   Type           Power        Failure   Level  Hunger
 Poisonous Vapours        Pois/Air       ##....       10%         2    ##.....
 Mephitic Cloud           Conj/Pois/Air  ##......     17%         3    ###....
 Olgreb's Toxic Radiance  Pois           ###.....     26%         4    ####...


Dungeon Overview and Level Annotations

Branches:
Dungeon (4/15)
 Temple: D:4-7

Altars:
Hepliaklqana
Ru


Innate Abilities, Weirdness & Mutations

You have a beak for a mouth.
You have claws for feet.
You can fly continuously.
Your life essence is reduced to manifest your ancestor. (-10% HP)


Message History

The jackal bites you but does no damage. x2
The gnoll barely misses you. x2; The gnoll misses you.
The jackal bites you.
You climb downwards.
There is a stone staircase leading up here.
Tepiltzin is recalled.
The jackal barely misses you. The gnoll hits you.
You hit the jackal. Your kick misses the jackal.
The jackal is severely wounded.
The jackal bites you.
Tepiltzin barely misses the gnoll.
The gnoll hits you!
You closely miss the jackal. You claw the jackal.
You kill the jackal!
Tepiltzin barely misses the gnoll.
The gnoll barely misses you.
You hit the gnoll. Your kick misses the gnoll.
The gnoll is lightly wounded.
The gnoll misses you. The gnoll hits you with a +0 club.
* * * LOW HITPOINT WARNING * * *
You hit the gnoll but do no damage.
The gnoll is lightly wounded.
Tepiltzin hits the gnoll.
The gnoll hits you!
You die...

#..# #..# #..#
#.. #(. #R#
#g# #@# #g#
#h#
############(#
#..........(.#
#.############
#.# #.# #.#


You could see the friendly Tepiltzin the ancestor, 2 gnolls and a jackal.

Vanquished Creatures
  Sigmund (D:2)
  Terence (D:2)
  5 adders (D:2)
  4 dart slugs
  A leopard gecko (D:1)
  2 orcs
  5 bats (D:1)
  7 giant cockroaches
  3 goblins (D:1)
  6 hobgoblins
  3 jackals
  A quokka (D:4)
  2 frilled lizards (D:1)
  6 kobolds
  6 rats
53 creatures vanquished.

Vanquished Creatures (collateral kills)
  An adder (D:4)
  A leopard gecko (D:4)
  2 orcs (D:4)
  A jackal (D:4)
  A frilled lizard (D:4)
6 creatures vanquished.

Grand Total: 59 creatures vanquished

Notes
Turn   | Place    | Note
-------+----------+-------------------------------------------
     0 | D:1      | FishyPogo the Tengu Venom Mage began the quest for the Orb.
     0 | D:1      | Reached XP level 1. HP: 10/10 MP: 4/4
   177 | D:1      | Reached XP level 2. HP: 15/15 MP: 1/6
   515 | D:1      | Reached XP level 3. HP: 19/19 MP: 5/7
  1027 | D:2      | Noticed Terence
  1042 | D:2      | Killed Terence
  1042 | D:2      | Reached XP level 4. HP: 21/24 MP: 0/8
  1410 | D:2      | Noticed Sigmund
  1466 | D:2      | Gained mutation: You can fly continuously. [Tengu growth]
  1466 | D:2      | Reached XP level 5. HP: 17/28 MP: 0/10
  1625 | D:2      | Killed Sigmund
  1625 | D:2      | Reached skill level 4 in Poison Magic
  1625 | D:2      | Reached XP level 6. HP: 10/32 MP: 2/12
  1848 | D:2      | You fall through a shaft for 2 floors!
  1903 | D:3      | Found a hazy altar of Hepliaklqana.
  1911 | D:3      | Became a worshipper of Hepliaklqana the Forgotten
  1929 | D:4      | Found a sacrificial altar of Ru.
  2093 | D:4      | Learned a level 5 spell: Venom Bolt
  2370 | D:3      | Slain by a gnoll

Skill      XL: |  1  2  3  4  5 |
---------------+----------------+-----
Conjurations   | 2 3 |  3.2
Spellcasting   | 3 |  3.9
Dodging        | 3 |  3.1
Poison Magic   | 4 |  4.4
Fighting       | |  0.1
Stealth        | |  2.8
Unarmed Combat | |  0.2

Action                   |  1- 3 |  4- 6 || total
-------------------------+-------+-------++-------
Melee: Unarmed           |    15 |    11 ||    26
       Peck              |     2 |     1 ||     3
       Kick              |       |     3 ||     3
 Cast: Sting             |    54 |    47 ||   101
Invok: Recall Ancestor   |       |     1 ||     1
  Eat: Chunk             |     1 |     5 ||     6
Armor: Robe              |     6 |     4 ||    10
Dodge: Dodged            |    13 |    22 ||    35
